Map: Lost and Found LE

Players

Kelazhur - Winner!

  • Race: Terran Terran
  • Spawn Location: 7:00

DeMusliM

  • Race: Terran Terran
  • Spawn Location: 1:00

Event: WCS Valencia 2018

VOD

Have the link to the VOD?

Description

Time

  • Played on: July 12, 2018, 2:51 p.m.
  • Length: 6:39

All games in this series

Show
View Real Time Build Order
Export as new Build Order

Kelazhur Terran - Winner!

Build Orders: 1/1/1, Cyclone Opening 

Get SALT Encoding   

  12  0:00  SCV  
  13  0:12  SCV  
  14  0:16  Supply Depot  
  14  0:25  SCV  
  14  0:27  Refinery  
  15  0:38  SCV  
  16  0:43  Barracks  
  16  0:50  SCV  
  16  0:53  Refinery  
  17  1:02  SCV  
  18  1:14  SCV  
  19  1:29  Orbital Command  
  19  1:31  Factory  
  20  1:32  Reaper  
  20  1:42  Supply Depot  
  20  1:55  SCV  
  21  2:05  Reaper  
  21  2:07  SCV  
  23  2:14  Cyclone  
  26  2:18  Starport  
  26  2:19  SCV  
  27  2:28  Supply Depot  
  27  2:32  SCV  
  28  2:37  Barracks Tech Lab  
  28  2:44  SCV  
  29  2:50  Cyclone  
  32  2:57  SCV  
  33  3:07  Banshee  
  36  3:17  Command Center  
  36  3:19  SCV  
  37  3:23  Supply Depot  
  37  3:32  Barracks Reactor, Factory Tech Lab  
  37  3:34  SCV  
  38  3:46  Supply Depot, SCV  
  39  3:53  Raven  
  41  3:58  SCV  
  41  4:08  Marine x2  
  42  4:10  SCV  
  43  4:17  Siege Tank  
  43  4:22  SCV  
  44  4:26  Marine x2  
  44  4:29  Orbital Command  
  46  4:34  SCV  
  44  4:46  SCV  
  44  4:51  Viking x2  
  46  4:55  Command Center  
  46  4:56  SCV  
  46  4:58  SCV  
  48  5:00  Marine  
  48  5:04  Siege Tank  
  48  5:05  Refinery  
  52  5:08  SCV  
  52  5:10  SCV  
  52  5:12  Supply Depot  
  54  5:18  Marine  
  54  5:20  SCV  
  56  5:23  SCV  
  56  5:24  Refinery  
  57  5:30  Viking, Engineering Bay  
  57  5:31  Viking  
  57  5:32  SCV  
  57  5:35  SCV  
  63  5:36  Marine  
  64  5:44  SCV  
  64  5:47  SCV, Siege Tank  
  69  5:51  Barracks  
  69  5:52  Barracks  
  69  5:57  SCV  
  69  6:02  Missile Turret  
  70  6:04  SCV  
  70  6:08  Marine  
  70  6:09  SCV  
  70  6:10  SCV  
  74  6:22  SCV  
Show
View Real Time Build Order
Export as new Build Order

DeMusliM Terran 

Build Orders: Cyclone Opening 

Get SALT Encoding   

  12  0:00  SCV  
  13  0:12  SCV  
  14  0:17  Supply Depot  
  14  0:24  SCV  
  15  0:29  Refinery  
  15  0:39  SCV  
  16  0:45  Barracks  
  16  0:51  SCV  
  16  0:55  Refinery  
  17  1:03  SCV  
  18  1:15  SCV  
  19  1:32  Orbital Command  
  19  1:34  Factory  
  19  1:37  Reaper  
  20  1:46  Supply Depot  
  20  1:58  SCV  
  21  2:09  Reaper  
  21  2:11  SCV  
  23  2:17  Cyclone  
  26  2:23  SCV  
  27  2:32  Command Center  
  27  2:35  SCV  
  28  2:42  Starport  
  28  2:47  SCV  
  28  2:49  Barracks Reactor  
  29  2:57  Supply Depot, Factory Tech Lab  
  29  3:00  SCV  
  30  3:12  SCV  
  31  3:25  SCV  
  32  3:27  Marine x2  
  32  3:30  Raven  
  36  3:34  Supply Depot  
  36  3:37  SCV  
  37  3:45  Orbital Command  
  37  3:47  Marine x2  
  36  3:56  Cyclone  
  36  3:58  SCV  
  38  4:19  SCV  
  38  4:21  Marine  
  38  4:22  Marine  
  38  4:23  Viking  
  41  4:24  SCV  
  38  4:31  SCV  
  38  4:36  Cyclone, SCV  
  39  4:41  Marine x2  
  39  4:43  SCV  
  38  4:49  SCV  
  39  4:55  SCV  
  40  5:01  SCV  
  41  5:08  SCV, Command Center  
  41  5:13  SCV  
  43  5:20  SCV, Barracks  
  44  5:25  SCV  
  44  5:27  Starport Reactor  
  45  5:30  Factory Tech Lab  
  45  5:32  SCV  
  45  5:34  Barracks  
  46  5:37  SCV  
  46  5:40  Engineering Bay x2  
  46  5:41  Refinery  
  47  5:44  SCV  
  47  5:45  Refinery  
  47  5:49  SCV  
  49  5:50  Supply Depot  
  49  5:56  SCV  
  50  5:57  Siege Tank  
  50  6:01  SCV  
  50  6:03  Marine  
  54  6:11  SCV  
  54  6:13  SCV, Starport Reactor  
  56  6:22  SCV  
  56  6:23  SCV  
Tags
 
Add a new tag
Caveats
  • Supply blocks, unpowered buildings, or Contaminate may cause inaccurate times.
  • Supply counts are checked every 10 seconds.